 Dungeon Crawl Stone Soup version 0.19-b1-4-gd8a0a2a (webtiles) character file.

46 vev the Magician (level 3, 0/16 HPs)
             Began as a Spriggan Conjurer on Oct 30, 2016.
             Slain by Ijyb
             ... wielding a +0 dagger
              (3 damage)
             ... on level 2 of the Dungeon.
             The game lasted 00:01:55 (1076 turns).

vev the Magician (Spriggan Conjurer)                Turns: 1076, Time: 00:01:56

Health: 0/16       AC:  2    Str:  4    XL:     3   Next: 44%
Magic:  1/9        EV: 18    Int: 17    God:
Gold:   62         SH:  0    Dex: 16    Spells: 1 memorised, 9 levels left

rFire  . . .     SeeInvis +     a - +0 dagger
rCold  . . .     Gourm    .     h - +0 robe
rNeg   . . .     Faith    .     (shield restricted)
rPois  .         Spirit   .     (helmet restricted)
rElec  .         Reflect  .     (no cloak)
rCorr  .         Harm     .     (gloves unavailable)
MR     .....                    (boots unavailable)
Stlth  +++.......               (no amulet)
                                (no ring)
                                (no ring)

@: very slightly contaminated, hasted, very quick
A: unfitting armour, see invisible, herbivore 3, speed 3, slow metabolism 2
a: no special abilities


You were on level 2 of the Dungeon.
You were not hungry.

You visited 1 branch of the dungeon, and saw 2 of its levels.

You collected 62 gold pieces.

Inventory:

Hand Weapons
 a - a +0 dagger (weapon)
Armour
 h - a +0 robe (worn)
Jewellery
 d - an uncursed ring of poison resistance {unknown}
Scrolls
 i - a scroll of identify {unknown}
 j - 2 scrolls of recharging {unknown}
Books
 b - a book of Conjurations

   Spells                             Type                      Level
   a - Magic Dart                     Conjuration                  1
   b - Searing Ray                    Conjuration                  2
   c - Dazzling Spray                 Conjuration/Hexes            3
   d - Fulminant Prism                Conjuration/Hexes            4
   e - Iskenderun's Mystic Blast      Conjuration                  4
   f - Iskenderun's Battlesphere      Conjuration/Charms           5
Comestibles
 c - 2 bread rations
 g - a fruit


   Skills:
 + Level 1.6 Short Blades
 - Level 3.0 Dodging
 + Level 3.4 Stealth
 + Level 4.0 Spellcasting
 - Level 2.9 Conjurations


You had 9 spell levels left.
You knew the following spells:

 Your Spells              Type           Power        Failure   Level  Hunger
a - Magic Dart            Conj           ##..         4%          1    None


Dungeon Overview and Level Annotations

Branches:
Dungeon (2/15)

Altars:
Trog

Annotations:
D:2 Ijyb


Innate Abilities, Weirdness & Mutations

You are very small and have problems with some larger weapons.
You are too small for most types of armour.
You have supernaturally acute eyesight. (SInv)
You are a herbivore.
You cover ground extremely quickly.
You need consume almost no food.


Message History

Ijyb is almost dead.
You barely miss Ijyb.
Ijyb is almost dead.
Ijyb barely misses you.
You barely miss Ijyb.
Ijyb is almost dead.
Ijyb hits you with a dagger.
* * * LOW HITPOINT WARNING * * *
You hit Ijyb but do no damage.
Ijyb is almost dead.
You closely miss Ijyb.
Ijyb is almost dead.
Ijyb hits you with a dagger.
* * * LOW HITPOINT WARNING * * *
You completely miss Ijyb.
Ijyb is almost dead.
You hit Ijyb.
Ijyb is almost dead.
Ijyb hits you with a dagger.
You die...

†#.#.#.......##.####
†..#.#.##.##.#.....
#.......#.##.#..###.###
#.##.#..#.............##
#.##....####.#.#.##....#
.##.#..####.#.#.##.....
.##.........#..........
.##....########.)......
.......# #.@.##...#
###...## #..g..# ## #...
........... #...
#.##.....#..# . .... #
##....#..# . .>.. ......
... . ..#..## #. # ...
..#


You could see Ijyb.

Vanquished Creatures
  3 adders (D:2)
  2 dart slugs
  2 hobgoblins
  2 ball pythons (D:1)
  3 bats
  4 frilled lizards
  2 kobolds
  3 rats
21 creatures vanquished.

Notes
Turn   | Place    | Note
-------+----------+-------------------------------------------
     0 | D:1      | vev the Spriggan Conjurer began the quest for the Orb.
     0 | D:1      | Reached XP level 1. HP: 9/9 MP: 5/5
   102 | D:1      | Reached skill level 3 in Spellcasting
   361 | D:1      | Reached XP level 2. HP: 13/13 MP: 2/7
   723 | D:2      | Reached skill level 1 in Short Blades
   831 | D:2      | Reached XP level 3. HP: 6/16 MP: 2/9
   918 | D:2      | Found a bloodstained altar of Trog.
   963 | D:2      | Reached skill level 4 in Spellcasting
  1048 | D:2      | Noticed Ijyb
  1076 | D:2      | Slain by Ijyb

Skill      XL: |  1  2  3 |
---------------+----------+-----
Spellcasting   | 3 4 |  4.0
Short Blades   | 1 |  1.6
Dodging        | |  3.0
Stealth        | |  3.4
Conjurations   | |  2.9

Action                   || total
-------------------------++-------
Melee: Unarmed           ||     2
       Dagger            ||    21
 Cast: Magic Dart        ||    57
  Use: Potion            ||     3
 Stab: Sleeping          ||     2
Armor: Robe              ||     3
Dodge: Dodged            ||    28
